cohdb
Replays
Latest Replays
All Replays
Popular Replays
Top Player Replays
Match Explorer
How It Works
Community
CoH3 Stats
Reddit
Sign in to upload your games and track your stats! →
Sign in with Steam
Match 44734074
Unlisted
Match 44734074
Overview
Messages
Build Orders
End
Construct Infanterie Kompanie
MG 42 Machine Gun Team
Grenadier Squad
Grenadier Squad
Grenadier Squad
Infanterie Officer Quarters
Construct Panzergrenadier Kompanie
Pak 40 Anti-tank Gun Team
Pak 40 Anti-tank Gun Team
Selects Mechanized Battlegroup
Selects Raid Package
낭만개미
Dadical
新年辞旧喜洋洋
Christian Dior
CeleStial_
JT
GhostDePhantom
只出曲线
0
0
Comments
sign in to comment!
No comments posted yet!